 Dungeon Crawl Stone Soup version 0.29-a0-923-g6e406bff71 (webtiles) character file.

Game seed: 18063310323432229215

28 jlumianski the Chiller (level 3, 0/24 HPs)
             Began as a Demonspawn Ice Elementalist on July 27, 2022.
             Succumbed to an adder's poison
             ... on level 2 of the Dungeon.
             The game lasted 00:04:20 (985 turns).

jlumianski the Chiller (Demonspawn Ice Elementalist) Turns: 985, Time: 00:04:20

Health: 0/24       AC:  2    Str:  7 (8)  XL:     3   Next: 0%
Magic:  6/6        EV: 12    Int: 16 (18) God:
Gold:   65         SH:  4    Dex: 11 (13) Spells: 2/6 levels left

rFire   . . .      SeeInvis .   i - +0 short sword
rCold   . . .      Faith    .   (no shield)
rNeg    . . .      Spirit   .   a - +0 robe
rPois   .          Reflect  .   (no helmet)
rElec   .          Harm     .   (no cloak)
rCorr   .          Rampage  .   (no gloves)
Will    .....                   (no boots)
Stlth   ++........              (no amulet)
HPRegen 0.08/turn               (no ring)
MPRegen 0.10/turn               (no ring)

@: mighty, brilliant, lethally poisoned (0 -> -6), flying
A: condensation shield, weakness stinger 1
a: no special abilities


You were on level 2 of the Dungeon.
You visited 1 branch of the dungeon, and saw 2 of its levels.

You collected 65 gold pieces.

Inventory:

Hand Weapons
 g - a +0 dagger
 i - a +0 short sword (weapon)
Missiles
 h - 3 poisoned darts
 j - 8 stones
Armour
 a - a +0 robe (worn)
Scrolls
 c - a scroll of blinking {unknown}
 f - a scroll of fog {unknown}
 k - 3 scrolls of teleportation {unknown}
Potions
 b - a potion of magic
 d - 2 potions of degeneration
 l - a potion of flight


   Skills:
 + Level 2.1 Dodging
 + Level 1.9 Stealth
 + Level 2.3 Spellcasting
 + Level 4.1 Ice Magic


You had 2 spell levels left.
You knew the following spells:

 Your Spells              Type           Power      Damage    Failure   Level
a - Freeze                Ice            88%        1d10      3%          1
b - Frozen Ramparts       Ice            44%        1d6       11%         3

Your spell library contained the following spells:

 Spells                   Type           Power      Damage    Failure   Level
 Ozocubu's Armour         Ice            22%        N/A       11%         3
 Hailstorm                Conj/Ice       12%        3d5       65%         4


Dungeon Overview and Level Annotations

Branches:
Dungeon (2/15)

Altars:


Innate Abilities, Weirdness & Mutations

A meltable shield of frost defends you. (SH +4)
You have a small tail.


Message History

The adder closely misses you.
The frilled lizard hisses angrily.
The endoplasm quivers.
You hear a shout!
The adder bites you. The adder closely misses you. The adder misses you.
The adder bites you. The adder attacks as you move away! The adder bites you.
You are poisoned.
The adder poisons you!
You feel sick. The adder attacks as you move away!
The adder closely misses you.
You feel sick.
The frilled lizard hisses.
You feel sick. You block the adder's attack.
The adder attacks as you move away! The adder bites you.
You are more poisoned.
The adder poisons you!
You feel sick. The adder attacks as you move away! The adder bites you.
You feel sick. The adder attacks as you move away!
The adder closely misses you.
You feel sick. The adder bites you.
* * * LOW HITPOINT WARNING * * *
It was a potion of degeneration.
There was something very wrong with that liquid.
You feel weakened.
You feel dopey.
You feel clumsy.
You feel sick. The adder bites you.
* * * LOW HITPOINT WARNING * * *
You are lethally poisoned!
The adder poisons you!
It was a potion of flight.
You feel very buoyant.
You fly up into the air.
* * * LOW HITPOINT WARNING * * *
You feel sick. The adder bites you but does no damage.
It was a potion of might.
You feel very mighty all of a sudden.
* * * LOW HITPOINT WARNING * * *
You feel sick. The adder barely misses you.
It was a potion of brilliance.
You feel clever all of a sudden.
You die...

###### #....# ###############
#....# #>............###....#
#.....#######..##....###
#.#.#.########.##g......
######.#....@SlJr.Jg.........
#....#...#.#########.##J.....
#....#.#.#.#<#.. #.##......
#.[..#.#.#...#.# #....$r...
#....#.#.#####.# #..#....J.
#....#.#.....#.# #..#......
#....#.#####.#.# #...######
#....#.#####.#.###^#.#.
#.....................


You could see an adder, 2 endoplasms, a hobgoblin, a frilled lizard and a rat.

Vanquished Creatures
  An adder (D:2)
  2 dart slugs (D:1)
  An endoplasm (D:1)
  2 giant cockroaches (D:1)
  2 hobgoblins (D:1)
  2 kobolds (D:1)
  A ball python (D:1)
  2 bats (D:1)
  A frilled lizard (D:1)
  2 rats (D:1)
16 creatures vanquished.

Notes
Turn   | Place    | Note
-------+----------+-------------------------------------------
     0 | D:1      | jlumianski the Demonspawn Ice Elementalist began the quest
                  | for the Orb.
     0 | D:1      | Reached XP level 1. HP: 13/13 MP: 3/3
   292 | D:1      | Found a faded altar of an unknown god.
   528 | D:1      | Gained mutation: A meltable shield of frost defends you.
                  | (SH +4) [demonic ancestry]
   528 | D:1      | Reached XP level 2. HP: 13/19 MP: 0/5
   832 | D:1      | Reached skill level 4 in Ice Magic
   911 | D:2      | Gained mutation: You have a small tail. [demonic ancestry]
   911 | D:2      | Reached XP level 3. HP: 24/24 MP: 3/6
   915 | D:2      | Learned a level 3 spell: Frozen Ramparts
   985 | D:2      | Succumbed to an adder's poison

Illustrated notes

Levels and vault maps discovered:
D:1:      minmay_arrival_stone_box, layout_loops_ring,
          hellmonk_ecumenical_altar_blasted, minivault_23
D:2:      layout_basic

Skill      XL: |  1  2 |
---------------+-------+-----
Dodging        | 2 |  2.1
Ice Magic      | 4 |  4.1
Stealth        | |  1.9
Spellcasting   | |  2.3

Action                   || total
-------------------------++-------
Melee: Dagger            ||     6
       Unarmed           ||     1
       Short sword       ||     9
 Cast: Freeze            ||    21
  Use: Potion            ||     4
Armor: Robe              ||     5
Dodge: Dodged            ||    32
Block: Other             ||     6

Table legend: (Time is in decaauts)
 A = Elapsed time spent in this place.
 B = Non-inter-level travel time spent in this place.
 C = Inter-level travel time spent in this place.
 D = Time resting spent in this place.
 E = Time spent auto-exploring this place.
 F = Levels seen in this place.
 G = Mean time per level.
                   A        B        C        D        E       F      G
               +--------+--------+--------+--------+--------+-----+--------+
         Total |    986 |    986 |      0 |    115 |    510 |   2 |  493.0 |
       Dungeon |    986 |    986 |      0 |    115 |    510 |   2 |  493.0 |
               +--------+--------+--------+--------+--------+-----+--------+

Top non-repeatable levels by time:
     D:1: 831 daAuts
     D:2: 155 daAuts
